Avalanche vs Oilers

Created - September-27-14 at 11:38

Simulating a Pre-Season

Goals
1 2 3 OT1 SO T
Avalanche 0 2 3 0 0 5
Oilers 1 2 2 0 1 6
Shots
1 2 3 OT1 SO T
Avalanche 8 14 12 0 3 34
Oilers 8 15 14 2 2 39

1st period

1. Oilers , Mats Zuccarello 3 (Dennis Wideman, Vincent Trocheck) at 13:47

Penalties :
Derek Stepan (COL) for Hooking (Minor) at 5:02, Dennis Wideman (EDM) for Slashing (Minor) at 19:54

2nd period

2. Avalanche , Kevin Shattenkirk 1 (Marcus Johansson, John Carlson) at 1:50 (PP)
3. Oilers , Olli Maatta 1 (Dainius Zubrus, Mats Zuccarello) at 14:31 (PP)
4. Oilers , Emerson Etem 2 (Chad Ruhwedel, Olli Maatta) at 16:26 (PP)
5. Avalanche , Justin Faulk 2 (Derek Stepan, Tyson Barrie) at 18:41 (PP)

Penalties :
Dennis Wideman (EDM) for Interference (Minor) at 5:06, Tyson Barrie (COL) for Holding (Minor) at 9:48, Riley Sheahan (COL) for High sticking (Double Minor) at 13:32, Alex Petrovic (EDM) for Hooking (Minor) at 16:44

3rd period

6. Avalanche , Justin Faulk 3 (Radim Vrbata, Derek Stepan) at 4:13
7. Oilers , Brandon Sutter 2 (Martin Marincin) at 10:15
8. Avalanche , Marian Gaborik 1 (Tyson Barrie, Justin Faulk) at 17:25 (PP)
9. Oilers , Mats Zuccarello 4 (Brian Campbell, Vincent Trocheck) at 18:44 (PP)
10. Avalanche , Kevin Shattenkirk 2 (Marian Hossa) at 19:47

Penalties :
Dainius Zubrus (EDM) for Roughing (Minor) at 16:09, Quinton Howden (COL) for Hooking (Minor) at 18:36

Overtime #1

No Goal

Penalties :
No Penalty

Shootout

Penalty Shot by Marian Hossa for Avalanche - Stopped by Antti Raanta
Penalty Shot by Mats Zuccarello for Oilers - Goal!
Penalty Shot by Johan Franzen for Avalanche - Stopped by Antti Raanta
Penalty Shot by Vincent Trocheck for Oilers - Stopped by Martin Jones
Penalty Shot by Marian Gaborik for Avalanche - Stopped by Antti Raanta

Penalties :
No Penalty

Goalie Stats

Martin Jones (COL), 34 saves from 39 shots - (0.872), OTL, 0-0-1, 64:36 minutes
Antti Raanta (EDM), 29 saves from 34 shots - (0.853), W, 1-0-0, 65:00 minutes

Players Stats for Avalanche

Player Name              G  A  P  +/- PIM S  H  SB GA TA FO     MP     PP MP  PK MP  
------------------------------------------------------------------------------------
Boone Jenner             0  0  0   1  0   1  0  0  0  0  0/0     3:54   0:00   0:00 
Cody Hodgson             0  0  0  -1  0   4  0  0  0  0  16/24  19:11   3:32   0:00 
Derek Stepan             0  2  2   1  2   4  0  0  0  0  13/32  19:42   3:36   0:00 
Johan Franzen            0  0  0  -1  0   1  2  0  0  0  0/0    19:15   3:36   0:00 
John Carlson             0  1  1   0  0   0  0  1  0  0  0/0    29:33   3:45   4:21 
Justin Faulk             2  1  3  -1  0   3  5  1  0  0  0/0    22:14   3:23   2:39 
Kevin Shattenkirk        2  0  2   0  0   5  1  2  0  0  0/0    22:27   3:45   2:39 
Lauri Korpikoski         0  0  0   0  0   0  0  0  0  0  0/0     6:12   0:00   2:28 
Marcus Johansson         0  1  1  -1  0   3  1  0  0  0  0/0    18:56   3:36   0:00 
Marian Gaborik           1  0  1   0  0   2  0  0  0  0  1/2    17:50   3:32   0:00 
Marian Hossa             0  1  1   0  0   2  2  1  0  0  0/3    24:55   3:32   4:32 
Nick Holden              0  0  0   0  0   2  2  1  0  0  0/0    17:43   0:00   4:21 
Quinton Howden           0  0  0   1  2   3  2  0  0  0  0/3    16:01   0:00   2:28 
Radim Vrbata             0  1  1   1  0   2  1  0  0  0  0/1    14:38   0:00   0:00 
Rickard Rakell           0  0  0   0  0   0  0  0  0  0  9/19    8:16   0:00   4:32 
Riley Sheahan            0  0  0  -1  4   0  0  0  0  0  13/26  14:07   0:00   0:00 
Sami Vatanen             0  0  0   0  0   0  2  1  0  0  0/0    13:03   0:00   0:00 
Tyson Barrie             0  2  2   1  2   2  0  1  0  0  0/0    24:59   3:23   0:00 

Players Stats for Oilers

Player Name              G  A  P  +/- PIM S  H  SB GA TA FO     MP     PP MP  PK MP  
------------------------------------------------------------------------------------
Alex Petrovic            0  0  0   1  2   0  1  1  0  0  0/0    16:58   0:00   1:46 
Beau Bennett             0  0  0   0  0   1  1  0  0  0  0/0    15:32   0:00   0:00 
Brandon Sutter           1  0  1   0  0   3  1  0  0  0  14/27  16:58   0:00   0:00 
Brian Campbell           0  1  1   1  0   1  0  1  0  0  0/0    23:56   3:47   4:01 
Brooks Laich             0  0  0   0  0   3  0  0  0  0  0/2    19:45   3:25   0:14 
Chad Ruhwedel            0  1  1  -2  0   0  3  1  0  0  0/0    23:38   3:13   3:42 
Charlie Coyle            0  0  0   0  0   3  4  0  0  0  15/30  21:35   3:25   2:14 
Dainius Zubrus           0  1  1   0  2   1  1  0  0  0  3/3    20:47   3:35   1:40 
Dennis Wideman           0  1  1   1  4   5  1  0  0  0  0/0    24:13   3:47   1:32 
Emerson Etem             1  0  1   0  0   4  1  0  0  0  0/1    18:42   3:25   0:00 
Martin Marincin          0  1  1   1  0   1  0  1  0  0  0/0    15:13   0:00   0:00 
Mats Zuccarello          2  1  3   0  0   7  3  0  0  0  6/9    22:17   3:35   4:40 
Nikita Kucherov          0  0  0   0  0   1  0  0  0  0  1/4    15:28   0:00   0:48 
Nikolai Kulemin          0  0  0   0  0   0  2  0  0  0  1/1     3:10   0:00   0:00 
Olli Maatta              1  1  2  -2  0   5  1  1  0  0  0/0    25:59   3:13   3:15 
Peter Holland            0  0  0   0  0   0  0  0  0  0  0/3     3:10   0:00   0:00 
Trevor Smith             0  0  0   0  0   1  0  0  0  0  0/1     3:10   0:00   0:00 
Vincent Trocheck         0  2  2   0  0   3  1  0  0  0  18/29  22:17   3:35   4:40 

3 Stars

1 - Justin Faulk (COL)
2 - Mats Zuccarello (EDM)
3 - Kevin Shattenkirk (COL)

Power Play

Avalanche - 3 on 4 Attempt(s) - 75.00%
Oilers - 3 on 5 Attempt(s) - 60.00%

Penalty Kill

Avalanche - 2 on 5 Attempt(s) - 40.00% - Score 0 goal in Penalty Kill
Oilers - 1 on 4 Attempt(s) - 25.00% - Score 0 goal in Penalty Kill

Official

Referees : Dan O'Rourke and Tim Peel
Linesman : Mike Cvik and Ryan Galloway

Game Notes

No Game Note

% Time on Ice - Avalanche

Lines # - Real PCT - Wanted PCT - Time Play
Normal Forward
1 - 31% - 34% - 14:16
2 - 31% - 32% - 14:08
3 - 30% - 30% - 13:34
4 - 8% - 4% - 3:44
Normal Defense
1 - 35% - 35% - 16:02
2 - 32% - 30% - 14:49
3 - 26% - 24% - 11:59
4 - 6% - 11% - 2:52
PP Forward
1 - 50% - 50% - 3:36
2 - 50% - 50% - 3:32
PP Defense
1 - 53% - 50% - 3:45
2 - 47% - 50% - 3:23
PK Forward
1 - 65% - 55% - 4:32
2 - 35% - 45% - 2:28
PK Defense
1 - 62% - 55% - 4:21
2 - 38% - 45% - 2:39
PK3 Forward
1 - 0% - 55%
2 - 0% - 45%
PK3 Defense
1 - 0% - 55%
2 - 0% - 45%
44 Forward
1 - 51% - 50% - 2:33
2 - 49% - 50% - 2:27
44 Defense
1 - 51% - 50% - 2:33
2 - 49% - 50% - 2:27
Last Minute Offensive  - 0:10
Last Minute Defensive  - 0:00
Total
Forward - 65:00
Defense - 65:00

% Time on Ice - Oilers

Lines # - Real PCT - Wanted PCT - Time Play
Normal Forward
1 - 31% - 30% - 14:02
2 - 30% - 30% - 13:54
3 - 32% - 30% - 14:46
4 - 7% - 10% - 3:10
Normal Defense
1 - 30% - 30% - 13:56
2 - 32% - 30% - 14:41
3 - 32% - 30% - 14:27
4 - 6% - 10% - 2:48
PP Forward
1 - 51% - 60% - 3:35
2 - 49% - 40% - 3:25
PP Defense
1 - 54% - 60% - 3:47
2 - 46% - 40% - 3:13
PK Forward
1 - 69% - 60% - 4:54
2 - 31% - 40% - 2:14
PK Defense
1 - 59% - 50% - 4:13
2 - 41% - 50% - 2:55
PK3 Forward
1 - 0% - 50%
2 - 0% - 50%
PK3 Defense
1 - 0% - 60%
2 - 0% - 40%
44 Forward
1 - 70% - 60% - 3:29
2 - 30% - 40% - 1:31
44 Defense
1 - 44% - 60% - 2:12
2 - 56% - 40% - 2:48
Last Minute Offensive  - 0:00
Last Minute Defensive  - 0:00
Total
Forward - 65:00
Defense - 65:00

Play by Play

1st period


0:01 of 1st period - Cody Hodgson wins face-off versus Vincent Trocheck in neutral zone.
0:06 of 1st period - Icing by Mats Zuccarello.
0:07 of 1st period - Vincent Trocheck wins face-off versus Riley Sheahan in Oilers zone.
0:07 of 1st period - Dennis Wideman is hit by Marian Hossa and loses puck.
0:13 of 1st period - Vincent Trocheck is hit by Justin Faulk and loses puck.
0:16 of 1st period - Shot by Dennis Wideman.
0:16 of 1st period - Shot Blocked by Kevin Shattenkirk.
0:18 of 1st period - Shot by Dainius Zubrus.
0:18 of 1st period - Stopped by Martin Jones without a rebound.
0:19 of 1st period - Charlie Coyle wins face-off versus Derek Stepan in Avalanche zone.
0:20 of 1st period - Shot by Chad Ruhwedel.
0:20 of 1st period - Shot Misses the Net.
0:42 of 1st period - Shot by Radim Vrbata.
0:42 of 1st period - Shot Misses the Net.
0:47 of 1st period - Derek Stepan is hit by Olli Maatta and loses puck.
1:39 of 1st period - Shot by Brandon Sutter.
1:39 of 1st period - Stopped by Martin Jones without a rebound.
1:40 of 1st period - Riley Sheahan wins face-off versus Vincent Trocheck in Avalanche zone.
3:12 of 1st period - Shot by Cody Hodgson.
3:12 of 1st period - Stopped by Antti Raanta without a rebound.
3:13 of 1st period - Derek Stepan wins face-off versus Peter Holland in Oilers zone.
3:13 of 1st period - Sami Vatanen is hit by Chad Ruhwedel and loses puck.
3:30 of 1st period - Shot by Quinton Howden.
3:30 of 1st period - Stopped by Antti Raanta without a rebound.
3:31 of 1st period - Rickard Rakell wins face-off versus Charlie Coyle in Oilers zone.
4:36 of 1st period - Shot by Nick Holden.
4:36 of 1st period - Stopped by Antti Raanta without a rebound.
4:37 of 1st period - Brandon Sutter wins face-off versus Derek Stepan in Oilers zone.
4:41 of 1st period - Off-side.
4:42 of 1st period - Brandon Sutter wins face-off versus Derek Stepan in neutral zone.
4:44 of 1st period - Martin Marincin is hit by Justin Faulk and loses puck.
5:02 of 1st period - Minor Penalty to Derek Stepan for Hooking.
5:03 of 1st period - Rickard Rakell wins face-off versus Vincent Trocheck in Avalanche zone.
5:14 of 1st period - Shot by Brian Campbell.
5:14 of 1st period - Stopped by Martin Jones without a rebound.
5:15 of 1st period - Vincent Trocheck wins face-off versus Rickard Rakell in Avalanche zone.
5:24 of 1st period - Shot by Olli Maatta.
5:24 of 1st period - Stopped by Martin Jones without a rebound.
5:25 of 1st period - Charlie Coyle wins face-off versus Marian Hossa in Avalanche zone.
5:46 of 1st period - Shot by Brooks Laich.
5:46 of 1st period - Shot Misses the Net.
7:55 of 1st period - Off-side.
7:56 of 1st period - Derek Stepan wins face-off versus Charlie Coyle in neutral zone.
8:13 of 1st period - Kevin Shattenkirk is hit by Charlie Coyle.
9:12 of 1st period - Shot by Marian Gaborik.
9:12 of 1st period - Stopped by Antti Raanta without a rebound.
9:13 of 1st period - Cody Hodgson wins face-off versus Brandon Sutter in Oilers zone.
9:33 of 1st period - Icing by Tyson Barrie.
9:34 of 1st period - Vincent Trocheck wins face-off versus Cody Hodgson in Avalanche zone.
9:37 of 1st period - Shot by Vincent Trocheck.
9:37 of 1st period - Shot Misses the Net.
10:39 of 1st period - Shot by Marian Hossa.
10:39 of 1st period - Shot Misses the Net.
10:51 of 1st period - Shot by Marian Hossa.
10:51 of 1st period - Shot Misses the Net.
10:55 of 1st period - Shot by Marian Hossa.
10:55 of 1st period - Stopped by Antti Raanta without a rebound.
10:56 of 1st period - Charlie Coyle wins face-off versus Derek Stepan in Oilers zone.
11:37 of 1st period - Icing by Charlie Coyle.
11:38 of 1st period - Cody Hodgson wins face-off versus Charlie Coyle in Oilers zone.
12:11 of 1st period - Off-side.
12:12 of 1st period - Vincent Trocheck wins face-off versus Riley Sheahan in neutral zone.
12:12 of 1st period - Vincent Trocheck is hit by Marian Hossa.
12:36 of 1st period - Shot by Marian Gaborik.
12:36 of 1st period - Shot Misses the Net.
12:42 of 1st period - Shot by Vincent Trocheck.
12:42 of 1st period - Shot Blocked by Marian Hossa.
12:44 of 1st period - Shot by Mats Zuccarello.
12:44 of 1st period - Stopped by Martin Jones without a rebound.
12:45 of 1st period - Brandon Sutter wins face-off versus Derek Stepan in Avalanche zone.
12:51 of 1st period - Icing by Justin Faulk.
12:52 of 1st period - Derek Stepan wins face-off versus Brandon Sutter in Avalanche zone.
12:52 of 1st period - Derek Stepan is hit by Beau Bennett.
13:07 of 1st period - Shot by Radim Vrbata.
13:07 of 1st period - Deflect By Quinton Howden.
13:07 of 1st period - Shot Misses the Net.
13:09 of 1st period - Shot by Justin Faulk.
13:09 of 1st period - Shot Misses the Net.
13:11 of 1st period - Shot by Quinton Howden.
13:11 of 1st period - Stopped by Antti Raanta without a rebound.
13:12 of 1st period - Vincent Trocheck wins face-off versus Riley Sheahan in Oilers zone.
13:14 of 1st period - Icing by Dennis Wideman.
13:15 of 1st period - Vincent Trocheck wins face-off versus Riley Sheahan in Oilers zone.
13:33 of 1st period - Icing by Dainius Zubrus.
13:34 of 1st period - Vincent Trocheck wins face-off versus Cody Hodgson in Oilers zone.
13:47 of 1st period - Shot by Mats Zuccarello.
13:47 of 1st period - Goal by Mats Zuccarello - Avalanche : 0 - Oilers : 1.
13:48 of 1st period - Riley Sheahan wins face-off versus Brandon Sutter in neutral zone.
14:17 of 1st period - Off-side.
14:18 of 1st period - Vincent Trocheck wins face-off versus Quinton Howden in neutral zone.
14:38 of 1st period - Shot by Justin Faulk.
14:38 of 1st period - Shot Misses the Net.
15:32 of 1st period - Shot by John Carlson.
15:32 of 1st period - Shot Blocked by Olli Maatta.
15:34 of 1st period - Shot by John Carlson.
15:34 of 1st period - Shot Blocked by Chad Ruhwedel.
16:00 of 1st period - Shot by Beau Bennett.
16:00 of 1st period - Shot Misses the Net.
16:18 of 1st period - Shot by Brooks Laich.
16:18 of 1st period - Stopped by Martin Jones without a rebound.
16:19 of 1st period - Charlie Coyle wins face-off versus Riley Sheahan in Avalanche zone.
16:46 of 1st period - Icing by Marian Hossa.
16:47 of 1st period - Marian Gaborik wins face-off versus Peter Holland in Avalanche zone.
16:47 of 1st period - Marian Gaborik is hit by Nikolai Kulemin.
17:17 of 1st period - Shot by Nikolai Kulemin.
17:17 of 1st period - Shot Blocked by Sami Vatanen.
17:42 of 1st period - Off-side.
17:43 of 1st period - Derek Stepan wins face-off versus Charlie Coyle in neutral zone.
17:58 of 1st period - Shot by Radim Vrbata.
17:58 of 1st period - Stopped by Antti Raanta without a rebound.
17:59 of 1st period - Cody Hodgson wins face-off versus Vincent Trocheck in Oilers zone.
18:14 of 1st period - Shot by Johan Franzen.
18:14 of 1st period - Shot Misses the Net.
18:43 of 1st period - Shot by Vincent Trocheck.
18:43 of 1st period - Shot Misses the Net.
18:58 of 1st period - Emerson Etem is hit by Marcus Johansson and loses puck.
19:07 of 1st period - Shot by Emerson Etem.
19:07 of 1st period - Stopped by Martin Jones without a rebound.
19:08 of 1st period - Charlie Coyle wins face-off versus Derek Stepan in Avalanche zone.
19:23 of 1st period - Shot by Kevin Shattenkirk.
19:23 of 1st period - Stopped by Antti Raanta without a rebound.
19:24 of 1st period - Riley Sheahan wins face-off versus Brandon Sutter in Oilers zone.
19:26 of 1st period - Marian Gaborik is hit by Dennis Wideman and loses puck.
19:54 of 1st period - Minor Penalty to Dennis Wideman for Slashing.
19:55 of 1st period - Mats Zuccarello wins face-off versus Derek Stepan in Oilers zone.
Goals for this period are 0 for Avalanche vs 1 for Oilers.
Shots for this period are 8 for Avalanche vs 8 for Oilers.

2nd period


0:01 of 2nd period - Mats Zuccarello wins face-off versus Cody Hodgson in neutral zone.
1:50 of 2nd period - Shot by Kevin Shattenkirk.
1:50 of 2nd period - Goal by Kevin Shattenkirk - Avalanche : 1 - Oilers : 1.
1:51 of 2nd period - Rickard Rakell wins face-off versus Brandon Sutter in neutral zone.
1:53 of 2nd period - Off-side.
1:54 of 2nd period - Rickard Rakell wins face-off versus Charlie Coyle in neutral zone.
2:29 of 2nd period - Shot by Lauri Korpikoski.
2:29 of 2nd period - Shot Misses the Net.
2:52 of 2nd period - Icing by Kevin Shattenkirk.
2:53 of 2nd period - Vincent Trocheck wins face-off versus Derek Stepan in Avalanche zone.
3:25 of 2nd period - Shot by Mats Zuccarello.
3:25 of 2nd period - Stopped by Martin Jones without a rebound.
3:26 of 2nd period - Riley Sheahan wins face-off versus Brandon Sutter in Avalanche zone.
3:26 of 2nd period - Tyson Barrie is hit by Brandon Sutter and loses puck.
4:01 of 2nd period - Icing by Tyson Barrie.
4:02 of 2nd period - Riley Sheahan wins face-off versus Vincent Trocheck in Avalanche zone.
4:50 of 2nd period - Icing by Kevin Shattenkirk.
4:51 of 2nd period - Cody Hodgson wins face-off versus Charlie Coyle in Avalanche zone.
5:01 of 2nd period - Off-side.
5:02 of 2nd period - Derek Stepan wins face-off versus Brandon Sutter in neutral zone.
5:06 of 2nd period - Minor Penalty to Dennis Wideman for Interference.
5:07 of 2nd period - Derek Stepan wins face-off versus Mats Zuccarello in Oilers zone.
5:12 of 2nd period - Shot by John Carlson.
5:12 of 2nd period - Shot Misses the Net.
5:14 of 2nd period - Shot by Johan Franzen.
5:14 of 2nd period - Deflect By Derek Stepan.
5:14 of 2nd period - Stopped by Antti Raanta without a rebound.
5:15 of 2nd period - Mats Zuccarello wins face-off versus Derek Stepan in Oilers zone.
5:34 of 2nd period - Shot by Marcus Johansson.
5:34 of 2nd period - Shot Misses the Net.
5:36 of 2nd period - Shot by John Carlson.
5:36 of 2nd period - Shot Blocked by Brian Campbell.
5:40 of 2nd period - Shot by Marcus Johansson.
5:40 of 2nd period - Stopped by Antti Raanta with a rebound.
5:46 of 2nd period - Shot by Kevin Shattenkirk.
5:46 of 2nd period - Shot Misses the Net.
6:00 of 2nd period - Shot by Kevin Shattenkirk.
6:00 of 2nd period - Shot Misses the Net.
6:38 of 2nd period - Shot by Justin Faulk.
6:38 of 2nd period - Stopped by Antti Raanta with a rebound.
7:55 of 2nd period - Sami Vatanen is hit by Nikolai Kulemin and loses puck.
8:18 of 2nd period - Shot by Derek Stepan.
8:18 of 2nd period - Stopped by Antti Raanta without a rebound.
8:19 of 2nd period - Cody Hodgson wins face-off versus Brooks Laich in Oilers zone.
8:27 of 2nd period - Brian Campbell is hit by Kevin Shattenkirk and loses puck.
8:31 of 2nd period - Icing by Kevin Shattenkirk.
8:32 of 2nd period - Cody Hodgson wins face-off versus Mats Zuccarello in Avalanche zone.
8:32 of 2nd period - Cody Hodgson is hit by Dainius Zubrus.
8:37 of 2nd period - Kevin Shattenkirk is hit by Mats Zuccarello and loses puck.
8:41 of 2nd period - Justin Faulk is hit by Mats Zuccarello and loses puck.
9:45 of 2nd period - Charlie Coyle is hit by Radim Vrbata.
9:48 of 2nd period - Minor Penalty to Tyson Barrie for Holding.
9:49 of 2nd period - Charlie Coyle wins face-off versus Marian Hossa in Avalanche zone.
10:26 of 2nd period - Shot by Brooks Laich.
10:26 of 2nd period - Stopped by Martin Jones without a rebound.
10:27 of 2nd period - Vincent Trocheck wins face-off versus Rickard Rakell in Avalanche zone.
10:40 of 2nd period - Shot by Mats Zuccarello.
10:40 of 2nd period - Shot Blocked by Justin Faulk.
10:46 of 2nd period - Shot by Brian Campbell.
10:46 of 2nd period - Shot Blocked by Kevin Shattenkirk.
10:48 of 2nd period - Shot by Dainius Zubrus.
10:48 of 2nd period - Deflect By Vincent Trocheck.
10:48 of 2nd period - Shot Misses the Net.
11:04 of 2nd period - Shot by Quinton Howden.
11:04 of 2nd period - Stopped by Antti Raanta with a rebound.
11:34 of 2nd period - Shot by Olli Maatta.
11:34 of 2nd period - Shot Blocked by Nick Holden.
11:36 of 2nd period - Shot by Olli Maatta.
11:36 of 2nd period - Stopped by Martin Jones without a rebound.
11:37 of 2nd period - Rickard Rakell wins face-off versus Charlie Coyle in Avalanche zone.
11:46 of 2nd period - Shot by Emerson Etem.
11:46 of 2nd period - Shot Misses the Net.
11:51 of 2nd period - Icing by Tyson Barrie.
11:52 of 2nd period - Cody Hodgson wins face-off versus Peter Holland in Avalanche zone.
12:03 of 2nd period - Icing by John Carlson.
12:04 of 2nd period - Cody Hodgson wins face-off versus Brandon Sutter in Avalanche zone.
12:19 of 2nd period - Shot by Cody Hodgson.
12:19 of 2nd period - Stopped by Antti Raanta without a rebound.
12:20 of 2nd period - Nikita Kucherov wins face-off versus Riley Sheahan in Oilers zone.
12:29 of 2nd period - Icing by Chad Ruhwedel.
12:30 of 2nd period - Derek Stepan wins face-off versus Brooks Laich in Oilers zone.
12:34 of 2nd period - Icing by Olli Maatta.
12:35 of 2nd period - Derek Stepan wins face-off versus Charlie Coyle in Oilers zone.
12:42 of 2nd period - Shot by Derek Stepan.
12:42 of 2nd period - Shot Misses the Net.
13:00 of 2nd period - Shot by Charlie Coyle.
13:00 of 2nd period - Stopped by Martin Jones with a rebound.
13:12 of 2nd period - Shot by Olli Maatta.
13:12 of 2nd period - Stopped by Martin Jones without a rebound.
13:13 of 2nd period - Riley Sheahan wins face-off versus Brandon Sutter in Avalanche zone.
13:15 of 2nd period - Icing by Marian Hossa.
13:16 of 2nd period - Brandon Sutter wins face-off versus Riley Sheahan in Avalanche zone.
13:29 of 2nd period - Shot by John Carlson.
13:29 of 2nd period - Shot Misses the Net.
13:32 of 2nd period - Double Minor Penalty to Riley Sheahan for High sticking.
13:33 of 2nd period - Vincent Trocheck wins face-off versus Rickard Rakell in Avalanche zone.
13:36 of 2nd period - Shot by Vincent Trocheck.
13:36 of 2nd period - Stopped by Martin Jones without a rebound.
13:37 of 2nd period - Vincent Trocheck wins face-off versus Rickard Rakell in Avalanche zone.
13:48 of 2nd period - Shot by Brian Campbell.
13:48 of 2nd period - Shot Misses the Net.
13:50 of 2nd period - Shot by Dennis Wideman.
13:50 of 2nd period - Stopped by Martin Jones without a rebound.
13:51 of 2nd period - Rickard Rakell wins face-off versus Charlie Coyle in Avalanche zone.
13:51 of 2nd period - Rickard Rakell is hit by Charlie Coyle.
14:05 of 2nd period - Shot by Dennis Wideman.
14:05 of 2nd period - Stopped by Martin Jones without a rebound.
14:06 of 2nd period - Vincent Trocheck wins face-off versus Rickard Rakell in Avalanche zone.
14:23 of 2nd period - Shot by Olli Maatta.
14:23 of 2nd period - Shot Misses the Net.
14:25 of 2nd period - Shot by Vincent Trocheck.
14:25 of 2nd period - Shot Misses the Net.
14:27 of 2nd period - Shot by Mats Zuccarello.
14:27 of 2nd period - Shot Misses the Net.
14:29 of 2nd period - Shot by Dainius Zubrus.
14:29 of 2nd period - Shot Misses the Net.
14:31 of 2nd period - Shot by Olli Maatta.
14:31 of 2nd period - Goal by Olli Maatta - Avalanche : 1 - Oilers : 2.
14:32 of 2nd period - Charlie Coyle wins face-off versus Rickard Rakell in neutral zone.
14:35 of 2nd period - Shot by Dennis Wideman.
14:35 of 2nd period - Stopped by Martin Jones without a rebound.
14:36 of 2nd period - Charlie Coyle wins face-off versus Rickard Rakell in Avalanche zone.
14:48 of 2nd period - Icing by Brooks Laich.
14:49 of 2nd period - Charlie Coyle wins face-off versus Marian Hossa in Oilers zone.
15:11 of 2nd period - Shot by Brooks Laich.
15:11 of 2nd period - Shot Misses the Net.
15:13 of 2nd period - Shot by Dennis Wideman.
15:13 of 2nd period - Stopped by Martin Jones without a rebound.
15:14 of 2nd period - Vincent Trocheck wins face-off versus Quinton Howden in Avalanche zone.
15:14 of 2nd period - Dainius Zubrus is hit by Justin Faulk and loses puck.
15:23 of 2nd period - Shot by Vincent Trocheck.
15:23 of 2nd period - Stopped by Martin Jones without a rebound.
15:24 of 2nd period - Vincent Trocheck wins face-off versus Rickard Rakell in Avalanche zone.
15:24 of 2nd period - Dennis Wideman is hit by Nick Holden and loses puck.
15:58 of 2nd period - Shot by Mats Zuccarello.
15:58 of 2nd period - Shot Blocked by John Carlson.
16:00 of 2nd period - Shot by Dennis Wideman.
16:00 of 2nd period - Stopped by Martin Jones without a rebound.
16:01 of 2nd period - Charlie Coyle wins face-off versus Quinton Howden in Avalanche zone.
16:26 of 2nd period - Shot by Emerson Etem.
16:26 of 2nd period - Goal by Emerson Etem - Avalanche : 1 - Oilers : 3.
16:27 of 2nd period - Nikolai Kulemin wins face-off versus Cody Hodgson in neutral zone.
16:44 of 2nd period - Minor Penalty to Alex Petrovic for Hooking.
16:45 of 2nd period - Mats Zuccarello wins face-off versus Cody Hodgson in Oilers zone.
17:21 of 2nd period - Shot by Cody Hodgson.
17:21 of 2nd period - Stopped by Antti Raanta with a rebound.
17:23 of 2nd period - Shot by Marian Hossa.
17:23 of 2nd period - Shot Misses the Net.
17:25 of 2nd period - Shot by Kevin Shattenkirk.
17:25 of 2nd period - Stopped by Antti Raanta with a rebound.
17:27 of 2nd period - Shot by Kevin Shattenkirk.
17:27 of 2nd period - Stopped by Antti Raanta with a rebound.
17:51 of 2nd period - Shot by Derek Stepan.
17:51 of 2nd period - Stopped by Antti Raanta without a rebound.
17:52 of 2nd period - Mats Zuccarello wins face-off versus Derek Stepan in Oilers zone.
18:09 of 2nd period - Shot by Tyson Barrie.
18:09 of 2nd period - Stopped by Antti Raanta without a rebound.
18:10 of 2nd period - Dainius Zubrus wins face-off versus Marian Gaborik in Oilers zone.
18:25 of 2nd period - Shot by Cody Hodgson.
18:25 of 2nd period - Stopped by Antti Raanta without a rebound.
18:26 of 2nd period - Mats Zuccarello wins face-off versus Derek Stepan in Oilers zone.
18:39 of 2nd period - Shot by Tyson Barrie.
18:39 of 2nd period - Deflect By Derek Stepan.
18:39 of 2nd period - Shot Misses the Net.
18:41 of 2nd period - Shot by Justin Faulk.
18:41 of 2nd period - Goal by Justin Faulk - Avalanche : 2 - Oilers : 3.
18:42 of 2nd period - Riley Sheahan wins face-off versus Brandon Sutter in neutral zone.
18:44 of 2nd period - Sami Vatanen is hit by Emerson Etem and loses puck.
19:01 of 2nd period - Shot by Emerson Etem.
19:01 of 2nd period - Shot Misses the Net.
19:03 of 2nd period - Shot by Alex Petrovic.
19:03 of 2nd period - Shot Misses the Net.
19:14 of 2nd period - Beau Bennett is hit by Nick Holden and loses puck.
19:19 of 2nd period - Shot by Emerson Etem.
19:19 of 2nd period - Stopped by Martin Jones without a rebound.
19:20 of 2nd period - Derek Stepan wins face-off versus Charlie Coyle in Avalanche zone.
19:26 of 2nd period - Radim Vrbata is hit by Charlie Coyle and loses puck.
19:44 of 2nd period - Shot by Brooks Laich.
19:44 of 2nd period - Deflect By Charlie Coyle.
19:44 of 2nd period - Shot Misses the Net.
Goals for this period are 2 for Avalanche vs 2 for Oilers.
Shots for this period are 14 for Avalanche vs 15 for Oilers.

3rd period


0:01 of 3rd period - Cody Hodgson wins face-off versus Vincent Trocheck in neutral zone.
0:25 of 3rd period - Shot by Mats Zuccarello.
0:25 of 3rd period - Stopped by Martin Jones without a rebound.
0:26 of 3rd period - Brandon Sutter wins face-off versus Riley Sheahan in Avalanche zone.
0:38 of 3rd period - Icing by Brandon Sutter.
0:39 of 3rd period - Brandon Sutter wins face-off versus Derek Stepan in Oilers zone.
1:52 of 3rd period - Shot by Olli Maatta.
1:52 of 3rd period - Stopped by Martin Jones without a rebound.
1:53 of 3rd period - Cody Hodgson wins face-off versus Charlie Coyle in Avalanche zone.
2:13 of 3rd period - Cody Hodgson is hit by Alex Petrovic and loses puck.
2:24 of 3rd period - Shot by Marcus Johansson.
2:24 of 3rd period - Stopped by Antti Raanta without a rebound.
2:25 of 3rd period - Riley Sheahan wins face-off versus Vincent Trocheck in Oilers zone.
2:32 of 3rd period - Shot by Marian Hossa.
2:32 of 3rd period - Stopped by Antti Raanta without a rebound.
2:33 of 3rd period - Vincent Trocheck wins face-off versus Riley Sheahan in Oilers zone.
2:46 of 3rd period - Shot by Vincent Trocheck.
2:46 of 3rd period - Deflect By Mats Zuccarello.
2:46 of 3rd period - Stopped by Martin Jones without a rebound.
2:47 of 3rd period - Cody Hodgson wins face-off versus Charlie Coyle in Avalanche zone.
3:24 of 3rd period - Icing by Brian Campbell.
3:25 of 3rd period - Riley Sheahan wins face-off versus Nikita Kucherov in Oilers zone.
3:26 of 3rd period - Shot by Marian Gaborik.
3:26 of 3rd period - Shot Misses the Net.
3:29 of 3rd period - Icing by Dennis Wideman.
3:30 of 3rd period - Riley Sheahan wins face-off versus Charlie Coyle in Oilers zone.
3:53 of 3rd period - Shot by Charlie Coyle.
3:53 of 3rd period - Stopped by Martin Jones without a rebound.
3:54 of 3rd period - Dainius Zubrus wins face-off versus Derek Stepan in Avalanche zone.
3:59 of 3rd period - Shot by Vincent Trocheck.
3:59 of 3rd period - Shot Misses the Net.
4:11 of 3rd period - Shot by Derek Stepan.
4:11 of 3rd period - Deflect By Radim Vrbata.
4:11 of 3rd period - Stopped by Antti Raanta with a rebound.
4:13 of 3rd period - Shot by Justin Faulk.
4:13 of 3rd period - Goal by Justin Faulk - Avalanche : 3 - Oilers : 3.
4:14 of 3rd period - Brandon Sutter wins face-off versus Cody Hodgson in neutral zone.
4:14 of 3rd period - Brandon Sutter is hit by Johan Franzen.
4:17 of 3rd period - Alex Petrovic is hit by Johan Franzen and loses puck.
4:29 of 3rd period - Shot by Beau Bennett.
4:29 of 3rd period - Shot Misses the Net.
5:33 of 3rd period - Icing by Olli Maatta.
5:34 of 3rd period - Riley Sheahan wins face-off versus Vincent Trocheck in Oilers zone.
5:54 of 3rd period - Shot by Vincent Trocheck.
5:54 of 3rd period - Stopped by Martin Jones without a rebound.
5:55 of 3rd period - Charlie Coyle wins face-off versus Radim Vrbata in Avalanche zone.
5:59 of 3rd period - Icing by Sami Vatanen.
6:00 of 3rd period - Charlie Coyle wins face-off versus Derek Stepan in Avalanche zone.
6:19 of 3rd period - Shot by Radim Vrbata.
6:19 of 3rd period - Shot Misses the Net.
6:38 of 3rd period - Shot by Derek Stepan.
6:38 of 3rd period - Shot Misses the Net.
6:40 of 3rd period - Shot by Derek Stepan.
6:40 of 3rd period - Shot Misses the Net.
6:54 of 3rd period - Icing by Riley Sheahan.
6:55 of 3rd period - Brandon Sutter wins face-off versus Riley Sheahan in Avalanche zone.
7:08 of 3rd period - Shot by Beau Bennett.
7:08 of 3rd period - Shot Misses the Net.
7:10 of 3rd period - Shot by Brandon Sutter.
7:10 of 3rd period - Stopped by Martin Jones without a rebound.
7:11 of 3rd period - Cody Hodgson wins face-off versus Vincent Trocheck in Avalanche zone.
7:36 of 3rd period - Shot by Cody Hodgson.
7:36 of 3rd period - Deflect By Johan Franzen.
7:36 of 3rd period - Stopped by Antti Raanta without a rebound.
7:37 of 3rd period - Brandon Sutter wins face-off versus Riley Sheahan in Oilers zone.
8:07 of 3rd period - Justin Faulk is hit by Chad Ruhwedel and loses puck.
8:46 of 3rd period - Shot by Mats Zuccarello.
8:46 of 3rd period - Stopped by Martin Jones with a rebound.
9:05 of 3rd period - Shot by Derek Stepan.
9:05 of 3rd period - Stopped by Antti Raanta without a rebound.
9:06 of 3rd period - Charlie Coyle wins face-off versus Cody Hodgson in Oilers zone.
9:18 of 3rd period - Shot by Charlie Coyle.
9:18 of 3rd period - Stopped by Martin Jones without a rebound.
9:19 of 3rd period - Rickard Rakell wins face-off versus Trevor Smith in Avalanche zone.
9:40 of 3rd period - Shot by Nikolai Kulemin.
9:40 of 3rd period - Deflect By Trevor Smith.
9:40 of 3rd period - Stopped by Martin Jones without a rebound.
9:41 of 3rd period - Derek Stepan wins face-off versus Charlie Coyle in Avalanche zone.
9:57 of 3rd period - Off-side.
9:58 of 3rd period - Riley Sheahan wins face-off versus Emerson Etem in neutral zone.
10:15 of 3rd period - Shot by Brandon Sutter.
10:15 of 3rd period - Goal by Brandon Sutter - Avalanche : 3 - Oilers : 4.
10:16 of 3rd period - Vincent Trocheck wins face-off versus Cody Hodgson in neutral zone.
10:22 of 3rd period - Icing by John Carlson.
10:23 of 3rd period - Cody Hodgson wins face-off versus Vincent Trocheck in Avalanche zone.
10:54 of 3rd period - Shot by Marcus Johansson.
10:54 of 3rd period - Stopped by Antti Raanta without a rebound.
10:55 of 3rd period - Charlie Coyle wins face-off versus Derek Stepan in Oilers zone.
11:39 of 3rd period - Icing by Kevin Shattenkirk.
11:40 of 3rd period - Brandon Sutter wins face-off versus Derek Stepan in Avalanche zone.
11:40 of 3rd period - Olli Maatta is hit by Justin Faulk and loses puck.
11:50 of 3rd period - Beau Bennett is hit by Justin Faulk.
12:09 of 3rd period - Chad Ruhwedel is hit by Quinton Howden and loses puck.
13:24 of 3rd period - Shot by Marian Gaborik.
13:24 of 3rd period - Shot Misses the Net.
13:49 of 3rd period - Icing by John Carlson.
13:50 of 3rd period - Riley Sheahan wins face-off versus Charlie Coyle in Avalanche zone.
14:16 of 3rd period - Shot by Nick Holden.
14:16 of 3rd period - Stopped by Antti Raanta without a rebound.
14:17 of 3rd period - Brandon Sutter wins face-off versus Rickard Rakell in Oilers zone.
14:23 of 3rd period - Off-side.
14:24 of 3rd period - Cody Hodgson wins face-off versus Brandon Sutter in neutral zone.
14:54 of 3rd period - Cody Hodgson is hit by Chad Ruhwedel and loses puck.
15:01 of 3rd period - Shot by Marcus Johansson.
15:01 of 3rd period - Shot Misses the Net.
15:38 of 3rd period - Shot by Brooks Laich.
15:38 of 3rd period - Shot Misses the Net.
15:50 of 3rd period - Shot by Nikita Kucherov.
15:50 of 3rd period - Stopped by Martin Jones without a rebound.
15:51 of 3rd period - Rickard Rakell wins face-off versus Vincent Trocheck in Avalanche zone.
15:51 of 3rd period - Rickard Rakell is hit by Vincent Trocheck.
16:08 of 3rd period - Lauri Korpikoski is hit by Mats Zuccarello and loses puck.
16:09 of 3rd period - Minor Penalty to Dainius Zubrus for Roughing.
16:10 of 3rd period - Derek Stepan wins face-off versus Mats Zuccarello in Oilers zone.
16:54 of 3rd period - Icing by John Carlson.
16:55 of 3rd period - Derek Stepan wins face-off versus Nikita Kucherov in Avalanche zone.
16:55 of 3rd period - Derek Stepan is hit by Charlie Coyle.
17:17 of 3rd period - Shot by Justin Faulk.
17:17 of 3rd period - Shot Misses the Net.
17:19 of 3rd period - Shot by Justin Faulk.
17:19 of 3rd period - Shot Misses the Net.
17:25 of 3rd period - Shot by Marian Gaborik.
17:25 of 3rd period - Goal by Marian Gaborik - Avalanche : 4 - Oilers : 4.
17:26 of 3rd period - Rickard Rakell wins face-off versus Brandon Sutter in neutral zone.
17:43 of 3rd period - Shot by Lauri Korpikoski.
17:43 of 3rd period - Shot Blocked by Alex Petrovic.
17:45 of 3rd period - Shot by Boone Jenner.
17:45 of 3rd period - Stopped by Antti Raanta without a rebound.
17:46 of 3rd period - Vincent Trocheck wins face-off versus Riley Sheahan in Oilers zone.
18:12 of 3rd period - Icing by Marian Gaborik.
18:13 of 3rd period - Charlie Coyle wins face-off versus Riley Sheahan in Avalanche zone.
18:32 of 3rd period - Shot by Marian Hossa.
18:32 of 3rd period - Shot Blocked by Martin Marincin.
18:34 of 3rd period - Shot by Tyson Barrie.
18:34 of 3rd period - Stopped by Antti Raanta without a rebound.
18:35 of 3rd period - Brandon Sutter wins face-off versus Derek Stepan in Oilers zone.
18:35 of 3rd period - Brandon Sutter is hit by Quinton Howden.
18:36 of 3rd period - Minor Penalty to Quinton Howden for Hooking.
18:37 of 3rd period - Dainius Zubrus wins face-off versus Rickard Rakell in Avalanche zone.
18:40 of 3rd period - Shot by Brian Campbell.
18:40 of 3rd period - Shot Misses the Net.
18:44 of 3rd period - Shot by Mats Zuccarello.
18:44 of 3rd period - Goal by Mats Zuccarello - Avalanche : 4 - Oilers : 5.
18:45 of 3rd period - Brandon Sutter wins face-off versus Derek Stepan in neutral zone.
18:50 of 3rd period - Shot by Emerson Etem.
18:50 of 3rd period - Stopped by Martin Jones without a rebound.
18:51 of 3rd period - Derek Stepan wins face-off versus Brandon Sutter in Avalanche zone.
19:23 of 3rd period - Avalanche, Martin Jones is pulled from the net.
19:47 of 3rd period - Shot by Kevin Shattenkirk.
19:47 of 3rd period - Goal by Kevin Shattenkirk - Avalanche : 5 - Oilers : 5.
19:47 of 3rd period - Martin Jones from Avalanche was sent back in the game.
19:48 of 3rd period - Cody Hodgson wins face-off versus Nikita Kucherov in neutral zone.
19:59 of 3rd period - Shot by Martin Marincin.
19:59 of 3rd period - Stopped by Martin Jones with a rebound.
Goals for this period are 3 for Avalanche vs 2 for Oilers.
Shots for this period are 12 for Avalanche vs 14 for Oilers.

Overtime #1


0:01 of 1st overtime period - Brandon Sutter wins face-off versus Derek Stepan in neutral zone.
0:20 of 1st overtime period - Shot by Marian Hossa.
0:20 of 1st overtime period - Shot Misses the Net.
0:32 of 1st overtime period - Shot by Brooks Laich.
0:32 of 1st overtime period - Stopped by Martin Jones with a rebound.
3:17 of 1st overtime period - Charlie Coyle is hit by Sami Vatanen.
3:20 of 1st overtime period - Dainius Zubrus is hit by Sami Vatanen and loses puck.
4:00 of 1st overtime period - Shot by Johan Franzen.
4:00 of 1st overtime period - Shot Misses the Net.
4:15 of 1st overtime period - Shot by Beau Bennett.
4:15 of 1st overtime period - Stopped by Martin Jones with a rebound.
4:17 of 1st overtime period - Shot by Alex Petrovic.
4:17 of 1st overtime period - Shot Blocked by Tyson Barrie.
4:45 of 1st overtime period - Shot by Emerson Etem.
4:45 of 1st overtime period - Shot Misses the Net.
4:51 of 1st overtime period - Shot by Olli Maatta.
4:51 of 1st overtime period - Shot Misses the Net.
Goals for this period are 0 for Avalanche vs 0 for Oilers.
Shots for this period are 0 for Avalanche vs 2 for Oilers.

ShootOut


5:00 of 1st overtime period - Penalty Shot by Marian Hossa for Avalanche.
5:00 of 1st overtime period - Stopped by Antti Raanta.
5:00 of 1st overtime period - Penalty Shot by Mats Zuccarello for Oilers.
5:00 of 1st overtime period - Goal by Mats Zuccarello.
5:00 of 1st overtime period - Penalty Shot by Johan Franzen for Avalanche.
5:00 of 1st overtime period - Stopped by Antti Raanta.
5:00 of 1st overtime period - Penalty Shot by Vincent Trocheck for Oilers.
5:00 of 1st overtime period - Stopped by Martin Jones.
5:00 of 1st overtime period - Penalty Shot by Marian Gaborik for Avalanche.
5:00 of 1st overtime period - Stopped by Antti Raanta.


Output by the SimonT Hockey Simulator (STHS) for Stephane Roy -- Original Page W3C XHTML 1.0 Valid
Hockey Simulator - Hockey Simulation - Hockey Manager